 Dungeon Crawl Stone Soup version bcrawl-1.19.2-6-g6a88ae04c9 (webtiles) character file.

Game seed: 11202452375149552908

392 Mrkan the Ducker (level 6, -12/43 HPs)
             Began as an Octopode Fighter on Jan 7, 2020.
             Was an Initiate of Wu Jian.
             Mangled by a troll (16 damage)
             ... on level 4 of the Dungeon.
             The game lasted 00:05:17 (2657 turns).

Mrkan the Ducker (Octopode Fighter)                 Turns: 2657, Time: 00:05:17

Health: -12/43     AC:  1    Str: 16    XL:     6   Next: 80%
Magic:  6/6        EV: 13    Int: 11    God:    Wu Jian [......]
Gold:   163        SH:  9    Dex: 12    Spells: 5/5 levels left

rFire    . . .     SeeInvis .   a - +0 war axe
rCold    . . .     Gourm    .   b - +0 shield
rNeg     . . .     Faith    .   (helmet restricted)
rPois    .         Spirit   .   (cloak restricted)
rElec    .         Reflect  .   (no amulet)
rCorr    .         Harm     .   (no ring)
MR       .....                  (no ring)
Stlth    ++........             (no ring)
HPRegen  0.14/turn              (no ring)
MPRegen  0.10/turn              (no ring)
                                (no ring)
                                (no ring)
                                (no ring)

@: no status effects
A: almost no armour, stealthy swim, amphibious, 8 rings, constrict 8, camouflage
1, gelatinous body 1
a: Renounce Religion


You were on level 4 of the Dungeon.
You worshipped Wu Jian.
Wu Jian was noncommittal.
You were hungry.

You visited 1 branch of the dungeon, and saw 4 of its levels.

You collected 163 gold pieces.

Inventory:

Hand Weapons
 a - a +0 war axe (weapon)
Missiles
 u - 124 javelins (quivered)
Armour
 b - a +0 shield (worn)
Wands
 r - a wand of polymorph (10)
Scrolls
 h - a scroll of blinking {unknown}
 i - 6 scrolls of identify {unknown}
 k - 3 scrolls of teleportation {unknown}
 l - 3 scrolls of amnesia {unknown}
 n - 2 scrolls of remove curse {unknown}
 o - 2 scrolls of magic mapping {unknown}
 p - a scroll of immolation {unknown}
 v - a scroll of fear {unknown}
Potions
 c - a potion of might
 e - a potion of lignification {unknown}
 f - 2 potions of mutation {unknown}
 g - a potion of resistance {unknown}
 j - 2 potions of agility {unknown}
 m - a potion of haste {unknown}
 q - 2 potions of ambrosia {unknown}
 s - a potion of curing {unknown}
Comestibles
 d - 7 rations {!d}


   Skills:
 + Level 4.2 Fighting
 * Level 4.6 Axes
 * Level 5.0 Dodging
 - Level 3.2 Shields


You had 5 spell levels left.
You didn't know any spells.
Your spell library was empty.

Dungeon Overview and Level Annotations

Branches:
Dungeon (4/12)
 Temple: D:4-7

Altars:
Fedhas
Qazlal
Ru
Wu Jian


Innate Abilities, Weirdness & Mutations

You cannot wear most types of armour.
You are very stealthy in the water. (Stealth+)
You are amphibious.
You can wear up to eight rings at the same time.
You can use your tentacles to constrict eight enemies at once.
Your skin changes colour to match your surroundings (Stealth+).
Your rubbery body absorbs attacks. (AC +1, EV +1)


Message History

You resist with significant effort.
You slash Grinder!
You kill Grinder!
The Council accepts your kill.
Your Fighting skill increases to level 4!
Your Dodging skill increases to level 5!
You have reached level 6!
Your experience leads to an increase in your attributes!
Increase (S)trength, (I)ntelligence, or (D)exterity?
You feel agile.
You closely miss the troll. You squeeze the troll.
The troll is lightly wounded.
The troll bites you!! The troll claws you!
* * * LOW HITPOINT WARNING * * *
You block the troll's attack.
You closely miss the troll.
The troll is lightly wounded.
You block the troll's attack. The troll misses you.
The troll completely misses you. The troll bites you!
You die...

#.# .##.# ....
.....#
#.#.#####....#
S.......#....####.
#.#..........[...
.(......<....#..#
#.........#
#......#..#
#@#..#.#..#
#T#.......#
#.#..#.<#.#
#.#..#### ......
........
........###
.........
......#.###


You could see a troll.

Vanquished Creatures
  Grinder (D:4)
  A scorpion (D:4)
  Crazy Yiuf (D:2)
  A hound (D:3)
  2 oozes
  3 worms
  3 dart slugs
  2 leopard geckos (D:1)
  4 orcs (D:3)
  2 giant cockroaches
  3 goblins
  13 hobgoblins
  4 quokkas
  A ball python (D:3)
  4 bats
  2 frilled lizards
  16 kobolds
  5 rats
68 creatures vanquished.

Notes
Turn   | Place    | Note
-------+----------+-------------------------------------------
     0 | D:1      | Mrkan the Octopode Fighter began the quest for the Orb.
     0 | D:1      | Reached XP level 1. HP: 16/16 MP: 1/1
   122 | D:1      | Reached XP level 2. HP: 20/21 MP: 2/2
   388 | D:1      | Reached XP level 3. HP: 10/26 MP: 3/3
   757 | D:2      | Found a blossoming altar of Fedhas.
   774 | D:2      | Became a worshipper of Fedhas Madash
  1020 | D:2      | Found a runed door.
  1024 | D:2      | Noticed Crazy Yiuf
  1031 | D:2      | Killed Crazy Yiuf
  1031 | D:2      | Reached XP level 4. HP: 11/31 MP: 4/4
  2109 | D:3      | Found a sacrificial altar of Ru.
  2201 | D:3      | Found an ornate altar of the Wu Jian Council.
  2207 | D:3      | Fell from the grace of Fedhas
  2207 | D:3      | Became a worshipper of the Wu Jian Council
  2259 | D:3      | Reached XP level 5. HP: 36/36 MP: 5/5
  2388 | D:3      | Found a stormy altar of Qazlal.
  2466 | D:3      | Found a faded altar of an unknown god.
  2475 | D:3      | Reached skill level 4 in Dodging
  2643 | D:4      | Noticed Grinder
  2653 | D:4      | Noticed a troll
  2655 | D:4      | Killed Grinder
  2655 | D:4      | Reached skill level 5 in Dodging
  2655 | D:4      | Reached XP level 6. HP: 31/43 MP: 6/6
  2657 | D:4      | Mangled by a troll

Skill      XL: |  1  2  3  4  5 |
---------------+----------------+-----
Axes           | 3 4 |  4.6
Dodging        | 5 |  5.0
Fighting       | 4 |  4.2
Shields        | |  3.2

Action                   |  1- 3 |  4- 6 || total
-------------------------+-------+-------++-------
Melee: War axe           |    61 |    67 ||   128
       Constrict         |    15 |    20 ||    35
       Tentacles         |    13 |    15 ||    28
Invok: Whirlwind         |       |     4 ||     4
       Lunge             |       |     3 ||     3
 Stab: Sleeping          |     4 |     5 ||     9
  Eat: Chunk             |       |     5 ||     5
Armor: Skin              |     7 |       ||     7
Dodge: Dodged            |    34 |    25 ||    59
Block: Shield            |    31 |    25 ||    56
